 Dungeon Crawl Stone Soup version 0.22.1-1-ga44c0e5 (webtiles) character file.

6022 AnalRupture the Grappler (level 10, -13/145 HPs)
             Began as a Troll Berserker on Nov 6, 2018.
             Was an Elder of Trog.
             Mangled by a two-headed ogre
             ... wielding a +0 giant club
              (21 damage)
             ... on level 9 of the Dungeon.
             The game lasted 01:16:49 (7220 turns).

AnalRupture the Grappler (Troll Berserker)          Turns: 7220, Time: 01:16:50

Health: -13/145    AC:  7    Str: 34    XL:     10   Next: 56%
Magic:  9/9        EV:  9    Int:  6    God:    Trog [****..]
Gold:   226        SH: 12    Dex: 12    Spells: 9/9 levels left

rFire    + . .     SeeInvis .     - Unarmed
rCold    x . .     Gourm    +   k - +2 shield
rNeg     + . .     Faith    .   x - +2 robe {rN+}
rPois    .         Spirit   .   (helmet restricted)
rElec    .         Reflect  .   (no cloak)
rCorr    .         Harm     .   (gloves unavailable)
MR       ++...                  (boots unavailable)
Stlth    ..........             (no amulet)
HPRegen  1.74/turn              s - ring of protection from fire
MPRegen  0.11/turn              e - ring of Guotelem {rC- Int+3 Dex+2 Stlth+}

@: berserking, starving, regenerating, very quick
A: large, unfitting armour, claws 3, fast metabolism 3, gourmand, regeneration
1, shaggy fur 1, tough skin 2
a: Berserk, Trog's Hand, Brothers in Arms, Renounce Religion


You were on level 9 of the Dungeon.
You worshipped Trog.
Trog was greatly pleased with you.
You were starving.

You visited 2 branches of the dungeon, and saw 10 of its levels.

You collected 559 gold pieces.
You spent 333 gold pieces at shops.

Inventory:

Hand Weapons
 l - a +1 dagger of chaos
 y - a +0 giant club {Thonk}
Missiles
 f - 187 stones
 o - 11 tomahawks
 q - 3 throwing nets
 u - a large rock (quivered)
 v - 41 sling bullets
Armour
 k - a +2 shield (worn)
 x - a +2 robe of positive energy (worn)
Jewellery
 d - an uncursed ring of protection from cold {unknown}
 e - the ring of Guotelem (right claw) {rC- Int+3 Dex+2 Stlth+}
   (You bought it in a shop on level 5 of the Dungeon)

   [ring of intelligence]

   It affects your intelligence (+3).
   It affects your dexterity (+2).
   It makes you vulnerable to cold.
   It makes you more stealthy.
 s - a ring of protection from fire (left claw)
Wands
 j - a wand of digging (12)
 r - a wand of disintegration (16)
Scrolls
 g - a scroll of amnesia
 i - a scroll of fog
 m - 3 scrolls of remove curse
 t - 2 scrolls of identify
 w - a scroll of immolation
 z - 2 scrolls of vulnerability
Potions
 a - a potion of might
 c - 5 potions of curing
 h - a potion of cancellation
 p - a potion of brilliance
Comestibles
 b - 2 rations


   Skills:
 * Level 5.6 Fighting
 + Level 1.4 Short Blades
 - Level 0.3 Throwing
 * Level 4.5 Armour
 - Level 2.6 Dodging
 + Level 3.6 Shields
 + Level 12.6 Unarmed Combat


You had 9 spell levels left.
You didn't know any spells.
Your spell library contained the following spells:

 Spells                   Type           Power        Failure   Level  Hunger
 Animate Skeleton         Necr           N/A          85%         1    ##.....
 Apportation              Tloc           #.....       85%         1    ##.....
 Confusing Touch          Hex            #.....       85%         1    ##.....
 Summon Small Mammal      Summ           #...         85%         1    ##.....


Dungeon Overview and Level Annotations

Branches:
Dungeon (9/15)             Temple (1/1) D:7
   Lair: D:8-11         Orc: D:9-12

Altars:
Cheibriados
Dithmenos
Elyvilon
Fedhas
Gozag
Hepliaklqana
Kikubaaqudgha
Makhleb
Nemelex Xobeh
Okawaru
Qazlal
Ru
Sif Muna
Trog
Uskayaw
Vehumet
Wu Jian
Xom
Yredelemnul
The Shining One

Shops:
D:5 *   D:7 ?


Innate Abilities, Weirdness & Mutations

You are too large for most types of armour.
You have claws for hands.
Your metabolism is lightning-fast.
You like to eat raw meat.
Your natural rate of healing is unusually fast.
You are covered in fur. (AC +1)
You have very tough skin. (AC +2)


Message History

Throwing (i - inventory. (/) - cycle)
u - 2 large rocks (quivered)
Press: ? - help, Shift-Dir - straight line, f - two-headed ogre
Aim: a two-headed ogre, wielding two giant clubs You throw a large rock.
The large rock hits the two-headed ogre but does no damage.
You mangle the two-headed ogre!!
The two-headed ogre is moderately wounded.
The two-headed ogre hits you with a giant club!!
* * * LOW HITPOINT WARNING * * *
The two-headed ogre hits you with a giant club!
* * * LOW HITPOINT WARNING * * *
Your skin crawls.
You feel resistant to hostile enchantments.
You feel somewhat more hungry.
A red film seems to cover your vision as you go berserk!
You feel yourself moving faster!
You feel mighty!
You are starving!
You block the two-headed ogre's attack.
The two-headed ogre hits you with a giant club!!
You die...

........#....##....##..
........#....########..
#'##...##....##.......
#.####'##....##......
....................
...................
............ ...
.............###'###
.............('O@..#
####...########....##
##########...##.....#
........#...........#
........#...........#
........'...........#
##.))...##...##....##
##...)..##...#######
##............#


You could see a two-headed ogre.

Vanquished Creatures
  Harold (D:8)
  A two-headed ogre (D:9)
  Pikel (D:6)
  A cyclops (D:7)
  A hippogriff (D:9)
  2 wyverns
  A hungry ghost (D:9)
  2 orc warriors (D:9)
  2 sky beasts
  4 slaves (D:6)
  3 black bears
  An eye of draining (D:7)
  3 ogres
  3 centaurs
  A big kobold (D:8)
  Blork the orc (D:5)
  6 bullfrogs
  A wyvern skeleton (D:8)
  3 scorpions
  A water moccasin zombie (D:9)
  2 howler monkeys
  A bullfrog zombie (D:7)
  5 crimson imps
  4 hounds
  2 jellies
  An orc priest (D:9)
  A bullfrog skeleton (D:7)
  4 iguanas
  Natasha (thrice) (D:2)
  8 orc wizards
  4 worker ants
  2 hound zombies
  A howler monkey zombie (D:9)
  6 adders
  3 oozes
  An adder skeleton (D:5)
  2 adder zombies (D:5)
  2 worms
  3 dart slugs
  6 leopard geckos
  21 orcs
  A ball python (D:5)
  3 bats
  5 giant cockroaches
  10 goblins
  6 hobgoblins
  11 jackals
  2 quokkas
  8 frilled lizards
  A giant cockroach zombie (D:6)
  7 kobolds
  3 quokka skeletons
  A quokka zombie (D:5)
  3 rats
  A bush (D:6)
183 creatures vanquished.

Notes
Turn   | Place    | Note
-------+----------+-------------------------------------------
     0 | D:1      | AnalRupture the Troll Berserker began the quest for the
                  | Orb.
     0 | D:1      | Reached XP level 1. HP: 22/22 MP: 0/0
   165 | D:1      | Reached XP level 2. HP: 29/29 MP: 1/1
   167 | D:1      | Found an iron altar of Okawaru.
   523 | D:2      | Reached XP level 3. HP: 36/36 MP: 2/2
   588 | D:2      | Found a white marble altar of Elyvilon.
   634 | D:2      | Reached ** piety under Trog
   689 | D:2      | Reached skill level 4 in Unarmed Combat
   729 | D:2      | Noticed Natasha
   735 | D:2      | Killed Natasha
   735 | D:2      | Reached XP level 4. HP: 44/44 MP: 3/3
   849 | D:2      | Found a blossoming altar of Fedhas.
   886 | D:2      | Found a sacrificial altar of Ru.
  1067 | D:2      | Noticed Natasha
  1076 | D:2      | Killed Natasha
  1106 | D:2      | Noticed Natasha
  1109 | D:2      | Found an ornate altar of the Wu Jian Council.
  1111 | D:2      | Killed Natasha
  1111 | D:2      | Reached skill level 5 in Unarmed Combat
  1126 | D:2      | Reached XP level 5. HP: 53/53 MP: 4/4
  1371 | D:2      | You fall through a shaft!
  2301 | D:4      | Reached *** piety under Trog
  2484 | D:4      | Paralysed by fainting for 8 turns
  2497 | D:4      | Reached skill level 6 in Unarmed Combat
  2508 | D:4      | Paralysed by fainting for 5 turns
  2520 | D:4      | Paralysed by fainting for 12 turns
  2559 | D:4      | Found a hazy altar of Hepliaklqana.
  2842 | D:5      | Entered Level 5 of the Dungeon
  2842 | D:5      | Found Lirchuxi's Assorted Antiques.
  2843 | D:5      | Reached XP level 6. HP: 61/61 MP: 5/5
  2928 | D:5      | Reached skill level 7 in Unarmed Combat
  2931 | D:5      | Bought a scroll labeled PINUYRE QUANTAPU for 29 gold pieces
  2931 | D:5      | Bought a scroll labeled PINUYRE QUANTAPU for 29 gold pieces
  2931 | D:5      | Bought a helmet for 130 gold pieces
  2953 | D:5      | Noticed a sky beast
  2964 | D:5      | Reached XP level 7. HP: 35/67 MP: 6/6
  3005 | D:5      | Reached skill level 8 in Unarmed Combat
  3219 | D:5      | Noticed Blork the orc
  3225 | D:5      | Killed Blork the orc
  3225 | D:5      | Reached skill level 9 in Unarmed Combat
  3251 | D:5      | Reached XP level 8. HP: 69/75 MP: 7/7
  4003 | D:5      | Bought a steaming ivory ring for 145 gold pieces
  4003 | D:5      | Identified the ring of Guotelem {rC- Int+3 Dex+2 Stlth+}
                  | (You bought it in a shop on level 5 of the Dungeon)
  4394 | D:6      | Reached skill level 1 in Armour
  4400 | D:6      | Reached **** piety under Trog
  4417 | D:6      | Found a blossoming altar of Fedhas.
  4503 | D:6      | Found a bloodstained altar of Trog.
  4508 | D:6      | Reached skill level 10 in Unarmed Combat
  4526 | D:6      | Noticed Pikel
  4541 | D:6      | Killed Pikel
  4541 | D:6      | Reached skill level 1 in Shields
  4541 | D:6      | Reached XP level 9. HP: 23/84 MP: 8/8
  4566 | D:6      | Found a shadowy altar of Dithmenos.
  4667 | D:6      | Found a shimmering altar of Xom.
  4667 | D:6      | Found a burning altar of Makhleb.
  4744 | D:6      | Found a glowing golden altar of the Shining One.
  5162 | D:7      | Noticed a cyclops
  5181 | D:7      | Killed a cyclops
  5181 | D:7      | Reached skill level 11 in Unarmed Combat
  5226 | D:7      | Found Qafagy Mopy's Magic Scroll Shoppe.
  5427 | D:7      | Found a staircase to the Ecumenical Temple.
  5438 | Temple   | Entered the Ecumenical Temple
  6200 | D:8      | Noticed Harold
  6214 | D:8      | Killed Harold
  6214 | D:8      | Reached skill level 5 in Fighting
  6247 | D:8      | Found a deep blue altar of Sif Muna.
  6284 | D:8      | Reached skill level 1 in Short Blades
  6313 | D:8      | Reached XP level 10. HP: 96/96 MP: 9/9
  6872 | D:9      | Reached skill level 12 in Unarmed Combat
  6951 | D:9      | Noticed a two-headed ogre
  6958 | D:9      | Killed a two-headed ogre
  7061 | D:9      | Paralysed by fainting for 6 turns
  7212 | D:9      | Noticed a two-headed ogre
  7218 | D:9      | HP: 2/97 [two-headed ogre/giant club (14)]
  7220 | D:9      | Mangled by a two-headed ogre

Skill      XL: |  1  2  3  4  5  6  7  8  9 10 |
---------------+-------------------------------+-----
Unarmed Combat | 4 5 6 7 9 10 11 12 | 12.6
Fighting       | 3 4 5 |  5.6
Armour         | 2 3 4 |  4.5
Shields        | 1 2 3 |  3.6
Short Blades   | 1 |  1.4
Throwing       | |  0.3
Dodging        | |  2.6

Action                   |  1- 3 |  4- 6 |  7- 9 | 10-12 || total
-------------------------+-------+-------+-------+-------++-------
Melee: Unarmed           |    68 |   107 |   204 |    87 ||   466
       Punch             |     1 |       |     1 |       ||     2
       Dagger            |       |       |    26 |       ||    26
Throw: Tomahawk          |       |     3 |    14 |       ||    17
       Large rock        |       |       |     9 |    18 ||    27
       Stone             |       |       |       |     1 ||     1
Invok: Trog's Hand       |       |       |     4 |     2 ||     6
       Berserk           |       |       |       |     1 ||     1
  Use: Scroll            |     3 |     7 |     4 |     1 ||    15
       Potion            |       |     6 |    10 |       ||    16
 Stab: Sleeping          |       |     1 |     2 |       ||     3
  Eat: Ration            |     1 |     6 |     9 |     3 ||    19
Armor: Animal skin       |    25 |     8 |       |       ||    33
       Robe              |       |    41 |    98 |    23 ||   162
       Skin              |       |       |     4 |       ||     4
Dodge: Dodged            |    40 |    60 |    74 |    26 ||   200
Block: Shield            |       |       |    66 |    51 ||   117
